 Dungeon Crawl Stone Soup version 0.28.0-45-g0d030f2227 (webtiles) character file.

Game seed: 13197939916006525288

3352 H0rd4k the Thaumaturge (level 9, 0/47 HPs)
             Began as a Deep Elf Hedge Wizard on Apr 21, 2022.
             Was an Initiate of Gozag.
             Succumbed to a water moccasin's poison
             ... on level 8 of the Dungeon.
             The game lasted 00:13:52 (10006 turns).

H0rd4k the Thaumaturge (Deep Elf Hedge Wizard)     Turns: 10006, Time: 00:13:53

Health: 0/47       AC:  6    Str:  7    XL:     9   Next: 72%
Magic:  24/36      EV: 13    Int: 24    God:    Gozag
Gold:   667        SH:  0    Dex: 14    Spells: 16/32 levels left

rFire   + . .      SeeInvis .   l - +2 dagger (drain)
rCold   . . .      Faith    .   (no shield)
rNeg    . . .      Spirit   .   w - +0 leather armour {rF+}
rPois   .          Reflect  .   c - +0 hat
rElec   .          Harm     .   (no cloak)
rCorr   .          Rampage  .   (no gloves)
Will    .....                   u - +2 pair of boots
Stlth   ++........              (no amulet)
HPRegen 0.15/turn               A - ring of magical power
MPRegen 0.25/turn               (no ring)

@: lethally poisoned (0 -> -9), on blink cooldown
A: no striking features
a: Renounce Religion, Potion Petition, Call Merchant, Bribe Branch


You were on level 8 of the Dungeon.
You worshipped Gozag.
Gozag was pleased with you.
You visited 2 branches of the dungeon, and saw 9 of its levels.

You collected 716 gold pieces.
You paid 49 gold pieces to Gozag.

Inventory:

Hand Weapons
 l - a +2 dagger of draining (weapon)
Armour
 b - a +0 robe
 c - a +0 hat (worn)
 u - a +2 pair of boots (worn)
 v - the +0 chain mail of Bad Feelings {Will+}
   (You found it on level 5 of the Dungeon)

   Will:      It increases your willpower.
 w - a +0 leather armour of fire resistance (worn)
Jewellery
 e - a ring of ice
 A - a ring of magical power (left hand)
Wands
 q - a wand of polymorph (10)
Scrolls
 a - a scroll of magic mapping {unknown}
 g - 4 scrolls of identify {unknown}
 i - 4 scrolls of brand weapon {unknown}
 j - 4 scrolls of teleportation {unknown}
 k - 2 scrolls of blinking {unknown}
 o - a scroll of summoning {unknown}
 x - a scroll of enchant weapon {unknown}
 y - 2 scrolls of vulnerability {unknown}
Potions
 d - 3 potions of haste {unknown}
 f - a potion of degeneration {unknown}
 h - 2 potions of curing {unknown}
 m - a potion of might {unknown}
 n - a potion of resistance {unknown}
 p - a potion of cancellation {unknown}
 r - 2 potions of flight {unknown}
 s - a potion of brilliance {unknown}
 t - a potion of lignification {unknown}
 z - a potion of heal wounds {unknown}
 B - a potion of invisibility {unknown}
 C - a potion of mutation {unknown}


   Skills:
 + Level 1.0 Fighting
 + Level 4.5 Dodging
 - Level 2.4 Stealth
 + Level 12.1 Spellcasting
 + Level 7.9 Conjurations
 + Level 1.1 Summonings
 + Level 5.5 Translocations
 + Level 3.2 Fire Magic
 + Level 2.5 Air Magic
 + Level 2.2 Poison Magic


You had 16 spell levels left.
You knew the following spells:

 Your Spells              Type           Power      Damage    Failure   Level
a - Magic Dart            Conj           100%       1d8       1%          1
b - Blink                 Tloc           82%        N/A       1%          2
c - Conjure Flame         Conj/Fire      41%        6-21      1%          3
d - Mephitic Cloud        Conj/Pois/Air  34%        N/A       3%          3
e - Gell's Gravitas       Tloc           41%        N/A       1%          3
f - Iskenderun's Mystic   Conj/Tloc      47%        2d10      4%          4

Your spell library contained the following spells:

 Spells                   Type           Power      Damage    Failure   Level
 Shock                    Conj/Air       100%       1d9       1%          1
 Teleport Other           Tloc           41%        N/A       1%          3
 Dazzling Flash           Conj/Hex       66%        N/A       3%          3
 Stone Arrow              Conj/Erth      66%        3d11      3%          3
 Freeze                   Ice            56%        1d7       6%          1
 Sandblast                Erth           28%        2d8       6%          1
 Slow                     Hex            56%        N/A       6%          1
 Call Imp                 Summ           20%        N/A       6%          2
 Portal Projectile        Hex/Tloc       54%        N/A       6%          3
 Passwall                 Tmut/Erth      11%        N/A       10%         2
 Call Canine Familiar     Summ           20%        N/A       12%         3
 Hailstorm                Conj/Ice       33%        3d8       12%         4
 Frozen Ramparts          Ice            28%        1d4       19%         3
 Olgreb's Toxic Radiance  Pois           25%        N/A       26%         4
 Leda's Liquefaction      Hex/Erth       7%         N/A       54%         4
 Starburst                Conj/Fire      20%        6d7       69%         6
 Dispersal                Tloc           20%        N/A       71%         6
 Ozocubu's Refrigeration  Ice            7%         4d6       100%        7
 Ignition                 Fire           15%        3d6       100%        8
 Fire Storm               Conj/Fire      20%        8d5       100%        9


Dungeon Overview and Level Annotations

Branches:
Dungeon (8/15)             Temple (1/1) D:5
   Lair: D:8-11

Altars:
Ashenzari
Dithmenos
Elyvilon
Gozag
Hepliaklqana
Makhleb
Nemelex Xobeh
Okawaru
Qazlal
Ru
Trog
Uskayaw
Vehumet
Wu Jian
Xom
Yredelemnul
Zin
The Shining One

Shops:
D:4 !

Annotations:
D:3 exclusion: 2 downstairs
D:4 exclusion: downstairs


Message History

Confirm with . or Enter, or press ? or * to list all spells.
You blink.
Casting: Blink (safe; 1% risk of failure)
Confirm with . or Enter, or press ? or * to list all spells.
The fire begins to smoulder!
The sky beast flickers out of sight!
Deactivating autopickup; reactivate with Ctrl-A.
The water moccasin smothers the flame.
Casting: Conjure Flame (safe; 1% risk of failure)
Confirm with . or Enter, or press ? or * to list all spells.
You blink.
You feel stable enough to blink again.
Things that are here:
a +0 halberd; a +0 plate armour Something hits you but does no damage.
Aiming: Polymorph
Press: ? - help, Shift-Dir - straight line, f - water moccasin
Aim: a water moccasin (will become a steam dragon, a killer bee, or a sky beast, chance to affect: 49%)
The water moccasin resists with some effort.
The water moccasin barely misses you. Something hits you. Something shocks you.
* * * LOW HITPOINT WARNING * * *
Aiming: Polymorph
Press: ? - help, Shift-Dir - straight line, f/p - water moccasin
Aim: a water moccasin (will become a steam dragon, a killer bee, or a sky beast, chance to affect: 49%)
The water moccasin resists with some effort.
The water moccasin bites you but does no damage.
Something hits you.
* * * LOW HITPOINT WARNING * * *
Something shocks you.
* * * LOW HITPOINT WARNING * * *
The water moccasin bites you.
* * * LOW HITPOINT WARNING * * *
You are lethally poisoned!
The water moccasin poisons you!
Casting: Blink (safe; 1% risk of failure)
Confirm with . or Enter, or press ? or * to list all spells.
You blink.
The bullfrog croaks.
You die...
Your body crumbles into a pile of gold.

.########################........
.# .... #.....#.....##.####... .#
#.....#..?..#..$..##.## #... .#
#..#..#..#..#..#..#...# #...
.#'###..#..#..#.(#$.#..#..####...
.#......#..Y..#..$..#..#......<..
.# .....#.....#.....#..#..####...
)####################..#.......##
).))........)...@..§S..#..####.#
..)........)........{$.#.#####.##
#####################..#......<.#
#.....#F....#..#.........
#....!#.....#..#.#.###..#
#.l#..#..#..#..#.#.# #..#
#..#..#..#..#..#.#.# #..#
F.^#.....#.....#[#.# #..# ...#
...$#.....#.#.###..#


You could see a water moccasin and a bullfrog.

Vanquished Creatures
  A two-headed ogre (D:7)
  Grinder (D:4)
  A wyvern (D:8)
  A steam dragon (D:6)
  Menkaure (D:6)
  A water moccasin (D:8)
  An orc warrior (D:8)
  2 black bears
  A sky beast (D:8)
  3 ogres
  2 centaurs (D:8)
  A kobold brigand (D:8)
  A bullfrog (D:7)
  6 scorpions
  A water moccasin zombie (D:5)
  A wight (D:8)
  3 centaur zombies
  5 jellies
  A bullfrog skeleton (D:4)
  2 orc priests
  A hound (D:3)
  A centaur skeleton (D:5)
  5 iguanas
  An orc wizard (D:5)
  2 killer bee zombies (D:8)
  A hound skeleton (D:5)
  5 adders
  2 white imps
  2 ufetubi
  An adder zombie (D:5)
  An adder skeleton (D:4)
  A worm (D:2)
  2 dart slugs (D:2)
  10 orcs
  5 bats
  5 endoplasms
  A giant cockroach (D:2)
  5 hobgoblins
  10 jackals
  11 kobolds
  4 quokkas
  7 ball pythons
  A frilled lizard (D:2)
  12 goblins
  A quokka skeleton (D:4)
  4 rats
137 creatures vanquished.

Vanquished Creatures (others)
  A wizard (D:7)
  10 plants
11 creatures vanquished.

Grand Total: 148 creatures vanquished

Notes
Turn   | Place    | Note
-------+----------+-------------------------------------------
     0 | D:1      | H0rd4k the Deep Elf Hedge Wizard began the quest for the
                  | Orb.
     0 | D:1      | Reached XP level 1. HP: 10/10 MP: 7/7
   215 | D:1      | Found a faded altar of an unknown god.
   306 | D:1      | Reached XP level 2. HP: 15/15 MP: 2/9
   401 | D:1      | Reached skill level 5 in Spellcasting
  1443 | D:2      | Reached XP level 3. HP: 19/19 MP: 0/12
  1446 | D:2      | Learned a level 2 spell: Blink
  1450 | D:2      | Learned a level 3 spell: Conjure Flame
  1454 | D:2      | Learned a level 3 spell: Mephitic Cloud
  2927 | D:4      | Noticed a scorpion
  2937 | D:4      | Killed a scorpion
  2938 | D:4      | Reached skill level 6 in Spellcasting
  2938 | D:4      | Reached XP level 4. HP: 24/24 MP: 1/14
  2949 | D:3      | Reached skill level 1 in Fire Magic
  2949 | D:3      | Reached skill level 1 in Poison Magic
  2949 | D:3      | Reached XP level 5. HP: 20/28 MP: 0/15
  3098 | D:4      | Reached skill level 1 in Air Magic
  3207 | D:4      | Found Vuphej Koci's Distillery.
  3215 | D:4      | Noticed Grinder
  3246 | D:5      | Entered Level 5 of the Dungeon
  3484 | D:4      | Paralysed by Grinder for 3 turns
  3740 | D:4      | Paralysed by Grinder for 4 turns
  3747 | D:4      | Paralysed by Grinder for 3 turns
  4115 | D:4      | Noticed a black bear
  4163 | D:4      | Killed a black bear
  4164 | D:4      | Reached XP level 6. HP: 13/32 MP: 2/17
  4435 | D:4      | Got the Compendium of Flamy Lightness
  4481 | D:5      | Learned a level 3 spell: Gell's Gravitas
  4502 | D:5      | Reached skill level 7 in Spellcasting
  4633 | D:5      | Reached XP level 7. HP: 31/36 MP: 13/19
  4803 | D:5      | Found a staircase to the Ecumenical Temple.
  4824 | Temple   | Entered the Ecumenical Temple
  5000 | Temple   | Became a worshipper of Gozag Ym Sagoz the Greedy
  5314 | D:5      | Reached skill level 8 in Spellcasting
  5339 | D:5      | Reached skill level 5 in Conjurations
  5635 | D:4      | Killed Grinder
  5636 | D:4      | Reached XP level 8. HP: 42/42 MP: 7/22
  6214 | D:5      | Reached skill level 9 in Spellcasting
  6509 | D:5      | Identified the +0 chain mail of Bad Feelings {Will+}
  6697 | D:6      | Noticed Menkaure
  6711 | D:6      | Killed Menkaure
  7307 | D:6      | You fall into a shaft and drop 2 floors!
  7721 | D:8      | Reached skill level 10 in Spellcasting
  8118 | D:6      | Reached XP level 9. HP: 43/46 MP: 17/25
  8194 | D:6      | Learned a level 4 spell: Iskenderun's Mystic Blast
  8304 | D:6      | Found a sacrificial altar of Ru.
  8781 | D:7      | Noticed a two-headed ogre
  8814 | D:7      | Killed a two-headed ogre
  8815 | D:7      | Reached skill level 1 in Fighting
  8815 | D:7      | Reached skill level 11 in Spellcasting
  8815 | D:7      | Reached skill level 5 in Translocations
  9156 | D:7      | Found a bloodstained altar of Trog.
  9157 | D:7      | Noticed a wizard
  9162 | D:7      | Killed a wizard
  9897 | D:8      | Reached skill level 12 in Spellcasting
 10005 | D:8      | HP: 2/47 [water moccasin (3)]
 10006 | D:8      | Succumbed to a water moccasin's poison

Illustrated notes

Levels and vault maps discovered:
D:1:      dpeg_arrival_windows_large_door, layout_basic,
          shapermc_ecumenical_altar_mp_ritualfount, chequers_avenue
D:2:      layout_loops_ring
D:3:      layout_rooms, serial_rivers, chequers_serial_rivers_marsh,
          chequers_serial_rivers_marsh, chequers_serial_rivers_micro_c,
          chequers_serial_rivers_small_a, chequers_serial_rivers_large_a
D:4:      layout_basic, kennysheep_windowed_goal, uniq_grinder
D:5:      layout_loops_cross, minmay_temple_entry_proselytizer
D:6:      layout_basic, nicolae_ru_the_path_less_chosen, uniq_menkaure
D:7:      layout_loops_ring, trog_wizard, kennysheep_small_square
D:8:      kennysheep_windowed_halls, layout_basic
Temple:   nicolae_temple_x_marks_the_god

Skill      XL: |  1  2  3  4  5  6  7  8  9 |
---------------+----------------------------+-----
Spellcasting   | 5 6 7 8 10 12 | 12.1
Conjurations   | 3 4 5 6 7 |  7.9
Fire Magic     | 1 2 3 |  3.2
Poison Magic   | 1 2 |  2.2
Air Magic      | 1 2 |  2.5
Dodging        | 3 4 |  4.5
Translocations | 3 4 5 |  5.5
Fighting       | 1 |  1.0
Stealth        | |  2.4
Summonings     | |  1.1

Action                   |  1- 3 |  4- 6 |  7- 9 || total
-------------------------+-------+-------+-------++-------
Melee: Dagger            |     6 |     3 |       ||     9
 Cast: Magic Dart        |   103 |    77 |   210 ||   390
       Conjure Flame     |     1 |     8 |    38 ||    47
       Mephitic Cloud    |     1 |     2 |    11 ||    14
       Blink             |       |     1 |     6 ||     7
       Gell's Gravitas   |       |       |    14 ||    14
Evoke: Wand              |       |       |     2 ||     2
Armor: Robe              |     1 |     8 |     2 ||    11
       Leather armour    |       |       |    15 ||    15
Dodge: Dodged            |     9 |    22 |    60 ||    91
